Construct Infanterie Kompanie
Construct Panzergrenadier Kompanie
Pak 40 Anti-tank Gun Team
Pak 40 Anti-tank Gun Team
Selects Mechanized Battlegroup
Selects StuG Assault Group
Pak 40 Anti-tank Gun Team
Pak 40 Anti-tank Gun Team
Selects Wespe Self-propelled Artillery
Wespe Self-propelled Artillery
Selects Zeroing Artillery Barrage
Pak 40 Anti-tank Gun Team
Construct Panzer Kompanie
Selects UNKNOWN (2160084)
Zeroing Artillery Barrage
Pak 40 Anti-tank Gun Team
Wespe Self-propelled Artillery